 Dungeon Crawl Stone Soup version 0.26.1-11-gd32895ea62 (webtiles) character file.

Game seed: 2998296207870986049

691 Almogavar the Grave Robber (level 7, 0/48 HPs)
             Began as a Demonspawn Necromancer on July 15, 2021.
             Was a Believer of Nemelex Xobeh.
             Slain by a hornet zombie (4 damage)
             ... on level 5 of the Dungeon.
             The game lasted 00:18:07 (7111 turns).

Almogavar the Grave Robber (Demonspawn Necromancer) Turns: 7111, Time: 00:18:08

Health: 0/48       AC:  5    Str:  8    XL:     7   Next: 36%
Magic:  4/14       EV: 12    Int: 19    God:    Nemelex Xobeh [**....]
Gold:   209        SH:  0    Dex: 13    Spells: 11/15 levels left

rFire    . . .     SeeInvis +   i - +0 rapier
rCold    . . .     Faith    .   (no shield)
rNeg     . . .     Spirit   .   x - +0 leather armour of Zin's Regard {rElec}
rPois    +         Reflect  .   (helmet unavailable)
rElec    +         Harm     .   k - scarf {shadows}
rCorr    .         Rampage  .   u - +1 pair of gloves
Will     .....                  (no boots)
Stlth    ++........             c - amulet of the acrobat
HPRegen  0.16/turn              h - ring of poison resistance
MPRegen  0.14/turn              (no ring)

@: no status effects
A: antennae 3
a: Renounce Religion, Draw Escape, Draw Destruction, Draw Summoning


You were on level 5 of the Dungeon.
You worshipped Nemelex Xobeh.
Nemelex Xobeh was pleased with you.
You visited 1 branch of the dungeon, and saw 5 of its levels.

You collected 209 gold pieces.

Inventory:

Hand Weapons
 f - a +0 whip
 i - a +0 rapier (weapon)
 y - a +0 dagger of venom
Missiles
 g - 184 stones
Armour
 a - a +0 ring mail
 k - a scarf of shadows (worn)
 u - a +1 pair of gloves (worn)
 x - the +0 leather armour of Zin's Regard (worn) {rElec}
   (You found it on level 4 of the Dungeon)

   It insulates you from electricity.
Jewellery
 c - an amulet of the acrobat (around neck)
 h - a ring of poison resistance (left hand)
Wands
 n - a wand of iceblast (3)
 s - a wand of acid (10)
Scrolls
 d - a scroll of amnesia
 l - a scroll of blinking {unknown}
 m - 4 scrolls of fog
 p - a scroll of teleportation
 t - a scroll of enchant weapon {unknown}
 w - 2 scrolls of fear {unknown}
 z - 2 scrolls of remove curse
Potions
 b - 7 potions of curing
 e - 2 potions of ambrosia
 o - a potion of mutation {unknown}
 q - a potion of invisibility {unknown}
 r - a potion of degeneration {unknown}
 v - a potion of brilliance {unknown}


   Skills:
 + Level 1.1 Fighting
 + Level 1.1 Short Blades
 + Level 0.7 Armour
 + Level 2.6 Dodging
 + Level 2.2 Stealth
 + Level 4.9 Spellcasting
 + Level 7.2 Necromancy


You had 11 spell levels left.
You knew the following spells:

 Your Spells              Type           Power        Failure   Level
a - Pain                  Necr           64%          1%          1
b - Vampiric Draining     Necr           8%           2%          3

Your spell library contained the following spells:

 Spells                   Type           Power        Failure   Level
 Animate Skeleton         Necr           32%          1%          1
 Animate Dead             Necr           8%           9%          4
 Sandblast                Erth           4%           19%         1
 Passwall                 Tmut/Erth      1%           26%         2
 Agony                    Necr           16%          26%         5
 Stone Arrow              Conj/Erth      4%           47%         3
 Petrify                  Tmut/Erth      2%           87%         4
 Lee's Rapid Deconstruct  Erth           1%           99%         5


Dungeon Overview and Level Annotations

Branches:
Dungeon (5/15)
 Temple: D:4-7

Altars:
Gozag
Hepliaklqana
Nemelex Xobeh
Qazlal
Ru
Uskayaw
Vehumet
Xom

Shops:
D:4 =

Annotations:
D:3 Grinder


Innate Abilities, Weirdness & Mutations

You have a pair of large antennae on your head. (SInv)


Message History

You are too injured to fight recklessly!
You are too injured to fight recklessly!
You are too injured to fight recklessly!
You are too injured to fight recklessly!
You completely miss the hornet zombie.
The hornet zombie is lightly damaged.
The hornet zombie hits you.
You hit the hornet zombie.
The hornet zombie is lightly damaged.
The hornet zombie closely misses you. The hornet zombie hits you!
* * * LOW HITPOINT WARNING * * *
You hit the hornet zombie but do no damage.
The hornet zombie is lightly damaged.
The hornet zombie hits you!
* * * LOW HITPOINT WARNING * * *
You hit the hornet zombie.
The hornet zombie is lightly damaged.
The hornet zombie hits you.
You die...
Your body disappears without a glow.

.# #...#######.###......## .##
#...# #.## ##..#### ..# #...#
##.# #..###### ..# #...# ###..##
##..#..... ..########...#
.....###†..#..... #.#..........h
#..........#..... ..............
#...#.#......)...
..<...........###Z..#......#.....
....##### #†.@#.##.##.#.#.....
....# #####.........#..... ....#
####.########### .##.# #.# { . .#
#.# # ## #.# #.. ###


You could see a hornet zombie.

Vanquished Creatures
  An ice beast (D:4)
  A sky beast (D:5)
  An ogre (D:4)
  A scorpion (D:4)
  2 howler monkeys
  2 hounds (D:4)
  A centaur skeleton (D:5)
  A bullfrog skeleton (D:4)
  An iguana (D:5)
  2 worker ants
  Robin (D:2)
  2 adders
  A worm (D:2)
  A dart slug (D:3)
  6 orcs
  5 giant cockroaches
  12 goblins
  8 hobgoblins
  7 jackals
  A quokka (D:4)
  2 ball pythons
  7 bats
  5 frilled lizards
  A jackal skeleton (D:4)
  5 kobolds
  A leopard gecko zombie (D:5)
  A quokka skeleton (D:4)
  3 rats
82 creatures vanquished.

Vanquished Creatures (others)
  2 jackals (D:2)
2 creatures vanquished.

Grand Total: 84 creatures vanquished

Notes
Turn   | Place    | Note
-------+----------+-------------------------------------------
     0 | D:1      | Almogavar the Demonspawn Necromancer began the quest for
                  | the Orb.
     0 | D:1      | Reached XP level 1. HP: 13/13 MP: 3/3
   557 | D:1      | Gained mutation: You have a pair of small antennae on your
                  | head. [demonic ancestry]
   557 | D:1      | Reached XP level 2. HP: 16/19 MP: 1/5
  1472 | D:2      | Reached skill level 5 in Necromancy
  1614 | D:2      | Gained mutation: You have a pair of antennae on your head.
                  | [demonic ancestry]
  1614 | D:2      | Reached XP level 3. HP: 18/24 MP: 0/6
  1684 | D:2      | Found a radiant altar of Vehumet.
  1687 | D:2      | Found a sparkling altar of Nemelex Xobeh.
  1758 | D:2      | Became a worshipper of Nemelex Xobeh the Trickster
  1831 | D:2      | Learned a level 3 spell: Vampiric Draining
  1862 | D:2      | Noticed Robin
  2188 | D:2      | Found an opulent altar of Gozag.
  2188 | D:2      | Found a stormy altar of Qazlal.
  2796 | D:2      | Found a sacrificial altar of Ru.
  2893 | D:2      | Killed Robin
  2894 | D:2      | Reached XP level 4. HP: 23/30 MP: 2/8
  3372 | D:3      | Found a shimmering altar of Xom.
  3373 | D:3      | Found a hazy altar of Hepliaklqana.
  3374 | D:3      | Noticed a spectral ugly thing
  3411 | D:3      | Reached * piety under Nemelex Xobeh
  3681 | D:3      | Received a gift from Nemelex Xobeh
  3905 | D:3      | Noticed Grinder
  4439 | D:4      | Noticed an ogre
  4457 | D:4      | Killed an ogre
  4458 | D:4      | Reached skill level 6 in Necromancy
  4458 | D:4      | Reached XP level 5. HP: 17/35 MP: 0/10
  4689 | D:4      | Found a hide-covered altar of Uskayaw.
  4697 | D:4      | Found Zodghothu's Jewellery Shop.
  4838 | D:4      | Noticed an ice beast
  4923 | D:4      | Killed an ice beast
  4924 | D:4      | Gained mutation: You have a pair of large antennae on your
                  | head. (SInv) [demonic ancestry]
  4924 | D:4      | Reached XP level 6. HP: 8/41 MP: 2/12
  5407 | D:4      | Got a bloodstained leather armour
  5418 | D:4      | Identified the cursed +0 leather armour of Zin's Regard
                  | {rElec} (You found it on level 4 of the Dungeon)
  5870 | D:4      | Reached ** piety under Nemelex Xobeh
  6005 | D:4      | Reached skill level 7 in Necromancy
  6676 | D:5      | Entered Level 5 of the Dungeon
  6783 | D:5      | Reached XP level 7. HP: 43/47 MP: 8/13
  6919 | D:5      | Reached skill level 1 in Fighting
  6919 | D:5      | Reached skill level 1 in Short Blades
  7111 | D:5      | Slain by a hornet zombie

Illustrated notes

Levels and vault maps discovered:
D:1:      dpeg_chamrin_arrival_tetris, layout_basic
D:2:      layout_loops_ring, fiery_altar_vehumet, lemuel_crystal_altar,
          minitemple, nicolae_ru_path_of_blood, uniq_robin
D:3:      layout_basic, regret_index_temple_of_mockery, zin_scriptorium,
          minmay_misc_feat_rows, uniq_grinder
D:4:      layout_basic, general_overflow_altar, serial_shops, shop_statue
D:5:      layout_loops_cross

Skill      XL: |  1  2  3  4  5  6  7 |
---------------+----------------------+-----
Stealth        | 2 |  2.2
Necromancy     | 5 6 7 |  7.2
Spellcasting   | 3 4 |  4.9
Dodging        | 2 |  2.6
Fighting       | 1 |  1.1
Short Blades   | 1 |  1.1
Armour         | |  0.7

Action                   |  1- 3 |  4- 6 |  7- 9 || total
-------------------------+-------+-------+-------++-------
Melee: Dagger            |       |    74 |       ||    74
       Rapier            |       |    14 |    16 ||    30
 Cast: Pain              |    84 |    74 |    17 ||   175
       Vampiric Draining |       |     9 |     6 ||    15
  Use: Scroll            |     4 |     8 |       ||    12
Armor: Robe              |     4 |       |       ||     4
       Animal skin       |       |    13 |       ||    13
       Leather armour    |       |    21 |     2 ||    23
Dodge: Dodged            |     7 |    67 |    15 ||    89
